 Dungeon Crawl Stone Soup version 0.17-a0-1481-gfdcec5c (webtiles) character file.

2756 amnekian the Carver (level 10, -3/70 HPs)
             Began as a Human Fighter on July 4, 2015.
             Was an Initiate of Gozag.
             Slain by an unseen horror (6 damage)
             ... on level 7 of the Dungeon.
             The game lasted 00:35:50 (9547 turns).

amnekian the Carver (Human Fighter)                 Turns: 9547, Time: 00:35:51

Health: -3/70      AC:  9    Str: 18    XL:     10   Next: 0%
Magic:  13/13      EV:  8    Int:  7    God:    Gozag
Gold:   389        SH: 11    Dex: 16    Spells: 0 memorised, 9 levels left

rFire  + . .     SeeInvis .     a - +0 long sword
rCold  . . .     Clarity  .     E - +0 ring mail {rF+}
rNeg   . . .     SustAt   .     c - +1 shield
rPois  .         Gourm    .     w - +0 helmet
rElec  .         Spirit   .     d - +0 cloak
rCorr  .         Warding  .     (no gloves)
rMut   .         Stasis   .     F - +0 pair of boots
MR     .....                    B - amulet of faith
Stlth  +.........               (no ring)
                                (no ring)

@: not resistant to hostile enchantments, very unstealthy
A: no striking features
a: Potion Petition, Call Merchant, Bribe Branch, Renounce Religion


You were on level 7 of the Dungeon.
You worshipped Gozag.
Gozag was noncommittal.
You were near starving.

You visited 2 branches of the dungeon, and saw 8 of its levels.
You also visited: Ossuary.

You collected 520 gold pieces.
You paid 131 gold pieces to Gozag.

Inventory:

Hand weapons
 a - a +0 long sword (weapon)
 b - a +1 hunting sling
 x - a +0 hunting sling
Missiles
 j - 160 stones (quivered)
 u - 33 poisoned needles
 v - 70 sling bullets
Armour
 c - a +1 shield (worn)
 d - a +0 cloak (worn)
 w - a +0 helmet (worn)
 E - a +0 ring mail of fire resistance (worn)
 F - a +0 pair of boots (worn)
Jewellery
 B - an amulet of faith (around neck)
 C - the amulet "Foama" {Inacc rPois Str+4 Int-4}
   (You found it on level 5 of the Dungeon)

   [amulet of inaccuracy]

   It reduces the accuracy of all your attacks.
   It affects your strength (+4).
   It affects your intelligence (-4).
   It protects you from poison.
Magical devices
 h - a wand of draining (0)
 t - a wand of magic darts (25)
 y - a wand of hasting (0)
Scrolls
 k - 4 scrolls of remove curse {unknown}
 q - 2 scrolls of identify
 s - a scroll of random uselessness
Potions
 g - 3 potions of lignification
 i - 3 potions of heal wounds
 l - a potion of magic {unknown}
 n - 2 potions of haste
 o - 2 potions of mutation
 p - 2 potions of brilliance {unknown}
 A - 2 potions of cure mutation {unknown}
Books
 r - a book of Battle

   Spells                             Type                      Level
   a - Infusion                       Charms                       1
   b - Shroud of Golubria             Charms/Translocation         2
   c - Song of Slaying                Charms                       2
   d - Spectral Weapon                Hexes/Charms                 3
   e - Regeneration                   Charms/Necromancy            3
 D - a book of Flames

   Spells                             Type                      Level
   a - Flame Tongue                   Conjuration/Fire             1
   b - Throw Flame                    Conjuration/Fire             2
   c - Conjure Flame                  Conjuration/Fire             3
   d - Inner Flame                    Hexes/Fire                   3
   e - Sticky Flame                   Conjuration/Fire             4
   f - Fireball                       Conjuration/Fire             5
Miscellaneous
 m - a plain deck of wonders {drawn: 1}
Comestibles
 e - 4 bread rations
 z - a meat ration


   Skills:
 - Level 3.0 Fighting
 + Level 10.2 Long Blades
 - Level 5.4 Armour
 - Level 5.4 Shields
 - Level 5.0 Evocations


You had 9 spell levels left.
You didn't know any spells.

Dungeon Overview and Level Annotations

Branches:
Dungeon (7/15)             Temple (1/1) D:4

Altars:
Ashenzari
Cheibriados
Dithmenos
Elyvilon
Fedhas
Gozag
Kikubaaqudgha
Makhleb
Okawaru
Qazlal
Ru
Trog
Vehumet
Xom
Yredelemnul
Zin
The Shining One

Annotations:
D:3 Sigmund; Terence
D:4 Pikel
D:5 Oddysee's ghost, average GrFi
D:7 1 runed door


Message History

a +0 scale mail; an uncursed quarterstaff Something hits you.
Something hits you but does no damage.
You hit something but do no damage. Something hits you but does no damage.
Something hits you!
* * * LOW HITPOINT WARNING * * *
You block its attack.
You miss something. You block its attack. Something hits you.
* * * LOW HITPOINT WARNING * * *
Something hits you.
* * * LOW HITPOINT WARNING * * *
You slash something! Something hits you but does no damage.
Something hits you but does no damage. Something hits you.
* * * LOW HITPOINT WARNING * * *
You barely miss something. Something hits you!
* * * LOW HITPOINT WARNING * * *
Something hits you.
You die...
Your body crumbles into a pile of gold.

##########################
..........................
##..........#.............
#..........#.............
#..........#.............
##.....#####.............
+.......# #.............
###.....# ####[################
#.....# #@# #..........#
#.....########.#####..........#
...................'..........'
#######..#.##..........#
........#.#......######
#####...#.#.#.#### #...#.#+#.#
###.........# .#
......#.....+...#


There were no monsters in sight!

Vanquished Creatures
  Joseph (D:7)
  A hippogriff (D:7)
  Menkaure (D:7)
  A sky beast (D:5)
  A black bear (D:4)
  2 slaves
  2 phantoms (D:6)
  2 centaurs
  3 ogres
  An orc warrior (D:7)
  A giant frog (D:6)
  2 scorpions
  3 giant frog zombies
  A bog body (Ossuary)
  4 crimson imps
  A centaur zombie (Ossuary)
  A centaur skeleton (D:4)
  2 orc priests (D:6)
  Jessica (D:3)
  4 hounds
  4 worker ants
  4 orc wizards
  A killer bee zombie (D:6)
  A hound skeleton (D:5)
  8 mummies
  A worker ant zombie (D:5)
  11 adders
  3 shadow imps (D:6)
  7 worms
  5 giant geckos
  15 orcs
  A bat zombie (Ossuary)
  2 giant cockroaches
  18 goblins
  16 hobgoblins
  9 jackals
  3 quokkas
  11 bats
  A giant gecko skeleton (D:5)
  5 giant newts
  13 kobolds
  A quokka zombie (Ossuary)
  8 rats
183 creatures vanquished.

Vanquished Creatures (others)
  3 plants (Ossuary)
3 creatures vanquished.

Grand Total: 186 creatures vanquished

Notes
Turn   | Place    | Note
--------------------------------------------------------------
     0 | D:1      | amnekian the Human Fighter began the quest for the Orb.
     0 | D:1      | Reached XP level 1. HP: 18/18 MP: 1/1
   106 | D:1      | Reached XP level 2. HP: 13/24 MP: 2/2
   459 | D:1      | Found an iron altar of Okawaru.
   544 | D:1      | Reached XP level 3. HP: 29/29 MP: 3/3
   684 | D:2      | Found a bloodstained altar of Trog.
  1053 | D:2      | Reached XP level 4. HP: 31/35 MP: 4/4
  1129 | D:2      | Found a shimmering altar of Xom.
  1130 | D:2      | Found a sacrificial altar of Ru.
  1200 | D:2      | Reached skill level 4 in Long Blades
  1653 | D:3      | Noticed Jessica
  1704 | D:3      | Noticed Terence
  1889 | D:3      | Reached XP level 5. HP: 39/41 MP: 5/5
  1963 | D:3      | Killed Jessica
  1963 | D:3      | Reached skill level 5 in Long Blades
  2141 | D:4      | Noticed a black bear
  2173 | D:4      | Found a staircase to the Ecumenical Temple.
  2181 | Temple   | Entered the Ecumenical Temple
  2425 | D:4      | Killed a black bear
  2425 | D:4      | Reached skill level 6 in Long Blades
  2425 | D:4      | Reached XP level 6. HP: 9/47 MP: 6/6
  2621 | D:4      | Found a white marble altar of Elyvilon.
  2643 | D:4      | Noticed a slave
  2643 | D:4      | Noticed a slave
  2751 | D:3      | Noticed Sigmund
  3475 | D:5      | Entered Level 5 of the Dungeon
  3593 | D:5      | Noticed Oddysee's ghost (average GrFi)
  3659 | D:6      | Reached skill level 7 in Long Blades
  3659 | D:6      | Reached XP level 7. HP: 37/52 MP: 7/7
  4073 | D:6      | Noticed an orc warrior
  4244 | D:5      | Got a heavily runed steel amulet
  4301 | D:5      | Reached XP level 8. HP: 33/58 MP: 8/8
  4623 | D:5      | Identified the amulet "Foama" {Inacc rPois Str+4 Int-4} (You found it on level 5 of the Dungeon)
  4655 | D:5      | Reached skill level 5 in Shields
  4764 | D:5      | Reached skill level 5 in Armour
  5077 | D:4      | Noticed Pikel
  5077 | D:4      | Noticed a slave
  5077 | D:4      | Noticed a slave
  5110 | D:3      | Killed a slave
  5626 | D:4      | Reached skill level 1 in Evocations
  5687 | D:4      | Killed a slave
  6624 | D:5      | Reached XP level 9. HP: 17/63 MP: 10/12
  7352 | D:6      | Reached skill level 5 in Evocations
  7855 | D:7      | Found a sand-covered staircase.
  7864 | D:7      | Reached skill level 8 in Long Blades
  7869 | Ossuary  | Entered an ossuary
  7875 | Ossuary  | Drew Focus: Str increased to 18, Int decreased to 7
  8033 | Ossuary  | HP: 1/63 [decayed bog body (16)]
  8299 | D:7      | Found an opulent altar of Gozag.
  8310 | D:7      | Became a worshipper of Gozag Ym Sagoz the Greedy
  9016 | D:7      | Reached skill level 9 in Long Blades
  9022 | D:7      | Found a glowing golden altar of the Shining One.
  9023 | D:7      | Found a runed door.
  9023 | D:7      | Noticed an angel
  9027 | D:7      | Noticed Menkaure
  9036 | D:7      | Killed Menkaure
  9231 | D:7      | Noticed Joseph
  9282 | D:7      | Killed Joseph
  9282 | D:7      | Reached skill level 10 in Long Blades
  9282 | D:7      | Reached XP level 10. HP: 22/70 MP: 13/13
  9547 | D:7      | HP: 3/70 [something (9)]
  9547 | D:7      | Slain by an unseen horror

Vault maps used:
D:1:      co_arrival_square_in_a_square_in_a_square,
          hangedman_decor_peaks_small, okawaru_ov_weapons_minmay
D:2:      bloody_trog, gammafunk_temple_overflow_pools
D:3:      serial_park_tiny_2, uniq_jessica, uniq_sigmund, uniq_terence
D:4:      elyvilon_altar_3, minmay_temple_entry_trees, first_bread,
          lightli_sewer_entry_pipes, uniq_pikel
D:5:      serial_glass, glass_columns_b, glass_columns_b, glass_columns_a,
          glass_columns_a, glass_columns_a
D:6:      amalloy_card_club
D:7:      nicolae_overflow_crystal_walls, gup_ossuary_entry_pyramid,
          lemuel_angel_altar, uniq_joseph, uniq_menkaure
Temple:   circular_temple_12
Ossuary:  ossuary_zaba_flooded

Action                   |  1- 3 |  4- 6 |  7- 9 | 10-12 || total
-------------------------+-------+-------+-------+-------++-------
Melee: Long sword        |   118 |   224 |   669 |    11 ||  1022
 Fire: Hunting sling     |       |       |    15 |       ||    15
Throw: Stone             |     7 |     9 |     1 |       ||    17
Invok: Potion Petition   |       |       |       |     1 ||     1
Evoke: Wand              |       |       |     4 |       ||     4
       Deck              |       |       |     1 |       ||     1
  Use: Potion            |       |     1 |     5 |       ||     6
       Scroll            |       |     2 |     6 |       ||     8
  Eat: Chunk             |     1 |     7 |    10 |       ||    18
       Meat ration       |       |       |     2 |       ||     2
